 Dungeon Crawl Stone Soup version 0.28.0-45-g0d030f2227 (webtiles) character file.

Game seed: 12862848138781128799

517561 protoss039 the Slayer (level 24, -1/270 HPs)
             Began as a Demonspawn Earth Elementalist on May 17, 2022.
             Was the Champion of Vehumet.
             Slain by a golden dragon (4 damage)
             ... while paralysed by a dread lich
             ... on level 5 of the Vaults on May 18, 2022.
             The game lasted 04:22:46 (91389 turns).

protoss039 the Slayer (DsEE)                       Turns: 91389, Time: 04:22:47

Health: -1/270     AC: 30    Str: 13    XL:     24   Next: 53%
Magic:  38/45      EV:  2    Int: 34    God:    Vehumet [******]
Gold:   4871       SH:  0    Dex: 11    Spells: 6/59 levels left

rFire   . . .      SeeInvis .   s - staff of earth
rCold   + . .      Faith    .   r - +1 kite shield {reflect}
rNeg    + + +      Spirit   .   (armour currently unavailable)
rPois   ∞          Reflect  +   U - +2 helmet
rElec   +          Harm     .   D - +0 cloak {rCorr}
rCorr   +          Rampage  .   (gloves unavailable)
Will    ++...                   (boots currently unavailable)
Stlth   +.........              O - amulet of Fac Pure {Regen+ rCorr}
HPRegen 1.35/turn               G - ring of Cenilati {rPois rC+ rN+ Str+3 Int+3 Dex-4}
MPRegen 0.29/turn               n - ring "Useufin" {rN+ Int+5}

@: paralysed, brilliant, statue-form, corroded, contaminated, glowing
A: slow and powerful, torment resistance 1, boosted hp, large bone plates 3,
foul stench 3, icemail 2, torment resistance 1, condensation shield, demonic
willpower, demonic touch 3, screaming 1
}: 2/15 runes: decaying, serpentine
a: End Transformation, Renounce Religion


You were on level 5 of the Vaults.
You worshipped Vehumet.
Vehumet was exalted by your worship.
You were a living statue of rough stone.
You visited 10 branches of the dungeon, and saw 47 of its levels.
You visited 1 bazaar.
You also visited: Bailey.

You collected 7971 gold pieces.
You spent 3100 gold pieces at shops.

Inventory:

Hand Weapons
 w - the +11 spear "Vuxtyubuu" {freeze, +Blink Stlth+}
   (You found it on level 4 of the Lair of Beasts)

   It freezes those it strikes, dealing additional cold damage.
   It can also slow down cold-blooded creatures.
   +Blink:    It lets you blink.
   Stlth:     It makes you more stealthy.
Missiles
 f - 4 silver javelins
 l - 5 throwing nets
Armour
 a - quicksilver dragon scales
 d - a +2 pair of boots of flying (melded)
 r - a +1 kite shield of reflection (worn)
 D - a +0 cloak of preservation (worn)
 J - a +2 robe of resistance (melded)
 P - the +4 kite shield of the Enchanted Forest {rElec rC- Regen+}
   (You found it on level 2 of the Snake Pit)

   rC:        It makes you vulnerable to cold.
   rElec:     It insulates you from electricity.
   Regen:     It increases your rate of health regeneration.
 U - a +2 helmet (worn)
Magical Staves
 s - a staff of earth (weapon)
 K - a staff of fire
Jewellery
 n - the ring "Useufin" (right fist) {rN+ Int+5}
   (You found it on level 3 of the Crypt)

   [ring of positive energy]

   Int:       It affects your intelligence (+5).
   rN:        It protects you from negative energy.
 y - a ring of see invisible
 F - an amulet of reflection
 G - the ring of Cenilati (left fist) {rPois rC+ rN+ Str+3 Int+3 Dex-4}
   (You acquired it in a bailey)

   [ring of poison resistance]

   Str:       It affects your strength (+3).
   Int:       It affects your intelligence (+3).
   Dex:       It affects your dexterity (-4).
   rC:        It protects you from cold.
   rPois:     It protects you from poison.
   rN:        It protects you from negative energy.
 M - the ring of Xom's Full Attention {Ice Will+ Str+2}
   (You acquired it on level 7 of the Dungeon)

   [ring of ice]

   It enhances your ice magic.
   Str:       It affects your strength (+2).
   rF:        It makes you vulnerable to fire.
   rC:        It protects you from cold.
   Will:      It increases your willpower.
 N - an amulet of magic regeneration
 O - the amulet of Fac Pure (around neck) {Regen+ rCorr}
   (You found it on level 3 of the Crypt)

   [amulet of regeneration]

   Regen:     It increases your rate of health regeneration.
   rCorr:     It protects you from acid and corrosion.
 R - the ring "Wuarghid" {rElec rPois rN+}
   (You found it on level 3 of the Crypt)

   [ring of positive energy]

   rElec:     It insulates you from electricity.
   rPois:     It protects you from poison.
   rN:        It protects you from negative energy.
 X - the ring of Cesoy {Fire rN++}
   (You found it on level 5 of the Lair of Beasts)

   [ring of fire]

   It enhances your fire magic.
   rF:        It protects you from fire.
   rC:        It makes you vulnerable to cold.
   rN:        It greatly protects you from negative energy.
Wands
 u - a wand of digging (29)
 H - a wand of iceblast (36)
 Y - a wand of acid (6)
Scrolls
 e - a scroll of summoning
 g - 11 scrolls of amnesia
 i - 5 scrolls of immolation
 k - 4 scrolls of enchant weapon
 m - 5 scrolls of enchant armour
 o - 5 scrolls of fog
 p - 5 scrolls of magic mapping
 q - 14 scrolls of teleportation
 E - 11 scrolls of fear
 T - a scroll of brand weapon
 V - 2 scrolls of blinking
Potions
 b - 7 potions of ambrosia
 h - 23 potions of curing
 j - 3 potions of invisibility
 t - 5 potions of attraction
 x - 4 potions of cancellation
 z - 11 potions of lignification
 A - 5 potions of might
 B - 7 potions of brilliance
 C - 3 potions of haste
 I - 2 potions of heal wounds
 Q - 2 potions of resistance
 S - 5 potions of mutation
 Z - a potion of magic
Miscellaneous
 L - a phantom mirror
 W - a condenser vane


   Skills:
 + Level 21.1 Fighting
 - Level 15.0 Armour
 - Level 1.7 Dodging
 - Level 1.7 Stealth
 - Level 18.0 Shields
 + Level 18.1 Spellcasting
 * Level 14.5 Conjurations
 - Level 6.0 Transmutations
 * Level 20.0 Earth Magic


You had 6 spell levels left.
You knew the following spells:

 Your Spells              Type           Power      Damage    Failure   Level
a - Statue Form           Tmut/Erth      88%        N/A       1%          6
b - Passwall              Tmut/Erth      100%       N/A       0%          2
c - Stone Arrow           Conj/Erth      100%       3d13      0%          3
d - Swiftness             Air            46%        N/A       5%          3
e - Irradiate             Conj/Tmut      50%        3d30      1%          5
g - Shatter               Erth           77%        3d56*     13%         9
h - Freezing Cloud        Conj/Ice/Air   38%        6-21      1%          5
j - Iron Shot             Conj/Erth      73%        9d13      1%          6
k - Lehudib's Crystal Sp  Conj/Erth      73%        10d16     2%          8
l - Starburst             Conj/Fire      44%        6d12      4%          6

Your spell library contained the following spells:

 Spells                   Type           Power      Damage    Failure   Level
 Maxwell's Capacitive Co  Air            23%        ∞         100%        8
 Sandblast                Erth           100%       2d20      0%          1
 Lee's Rapid Deconstruct  Erth           77%        3d35*     0%          5
 Apportation              Tloc           92%        N/A       1%          1
 Beastly Appendage        Tmut           100%       N/A       1%          1
 Pain                     Necr           100%       1d9       1%          1
 Shock                    Conj/Air       100%       1d9       1%          1
 Sting                    Tmut/Pois      100%       1d8       1%          1
 Summon Small Mammal      Summ           100%       N/A       1%          1
 Poisonous Vapours        Pois/Air       92%        N/A       1%          2
 Static Discharge         Conj/Air       88%        N/A       1%          2
 Wereblood                Tmut           82%        N/A       1%          2
 Dazzling Flash           Conj/Hex       100%       N/A       1%          3
 Frozen Ramparts          Ice            92%        1d11      1%          3
 Spider Form              Tmut/Pois      67%        N/A       1%          3
 Fulminant Prism          Conj/Hex       44%        3d20      1%          4
 Hailstorm                Conj/Ice       88%        3d18      1%          4
 Iskenderun's Mystic Bla  Conj/Tloc      88%        2d17      1%          4
 Leda's Liquefaction      Hex/Erth       61%        N/A       1%          4
 Petrify                  Tmut/Erth      100%       N/A       1%          4
 Fireball                 Conj/Fire      44%        3d18      1%          5
 Iskenderun's Battlesphe  Conj           100%       2d15      1%          5
 Lightning Bolt           Conj/Air       44%        1d63      1%          5
 Blink                    Tloc           92%        N/A       2%          2
 Corpse Rot               Necr/Air       92%        N/A       2%          2
 Ensorcelled Hibernation  Hex/Ice        92%        N/A       2%          2
 Airstrike                Air            23%        N/A       4%          4
 Ice Form                 Ice/Tmut       67%        N/A       4%          4
 Olgreb's Toxic Radiance  Pois           46%        N/A       4%          4
 Yara's Violent Unravell  Hex/Tmut       33%        3d14      4%          5
 Conjure Ball Lightning   Conj/Air       44%        3x3d15    4%          6
 Call Canine Familiar     Summ           46%        N/A       5%          3
 Confusing Touch          Hex            46%        N/A       5%          3
 Lesser Beckoning         Tloc           46%        N/A       5%          3
 Portal Projectile        Hex/Tloc       92%        N/A       5%          3
 Summon Guardian Golem    Hex/Summ       46%        N/A       5%          3
 Vampiric Draining        Necr           46%        2d9       5%          3
 Alistair's Intoxication  Tmut/Pois      44%        N/A       14%         5
 Anguish                  Hex/Necr       23%        N/A       17%         4
 Animate Dead             Necr           23%        N/A       17%         4
 Dispel Undead            Necr           46%        3d18      17%         4
 Passage of Golubria      Tloc           46%        N/A       17%         4
 Summon Ice Beast         Ice/Summ       46%        N/A       17%         4
 Agony                    Necr           46%        N/A       43%         5
 Excruciating Wounds      Necr           23%        N/A       43%         5
 Manifold Assault         Tloc           46%        N/A       43%         5
 Silence                  Hex/Air        23%        N/A       43%         5
 Dispersal                Tloc           23%        N/A       95%         6
 Simulacrum               Ice/Necr       23%        N/A       95%         6
 Orb of Destruction       Conj           57%        9d14      1%          7
 Ozocubu's Refrigeration  Ice            23%        4d9       96%         7
 Enfeeble                 Hex            23%        N/A       100%        7
 Haunt                    Necr/Summ      23%        N/A       100%        7
 Malign Gateway           Summ/Tloc      23%        N/A       100%        7
 Borgnjor's Revivificati  Necr           23%        N/A       100%        8
 Disjunction              Tloc           23%        N/A       100%        8
 Ignition                 Fire           23%        3d8       100%        8
 Infestation              Necr           23%        N/A       100%        8
 Necromutation            Tmut/Necr      33%        N/A       100%        8
 Summon Horrible Things   Summ           23%        N/A       100%        8
 Chain Lightning          Conj/Air       44%        3d58      100%        9
 Death's Door             Necr           23%        N/A       100%        9
 Fire Storm               Conj/Fire      44%        8d11      100%        9
 Polar Vortex             Ice            23%        N/A       100%        9


Dungeon Overview and Level Annotations

Branches:
Dungeon (15/15)            Temple (1/1) D:4            Lair (6/6) D:11
  Swamp (4/4) Lair:3        Snake (4/4) Lair:2        Slime (0/5) Lair:6
    Orc (2/2) D:10            Elf (3/3) Orc:2        Vaults (5/5) D:14
  Crypt (3/3) Vaults:2       Tomb (0/3) Crypt:3      Depths (4/4) D:15
    Zot (0/5) Depths:4     Bailey (visited)

Altars:
Ashenzari
Cheibriados
Dithmenos
Elyvilon
Fedhas
Gozag
Hepliaklqana
Kikubaaqudgha
Makhleb
Nemelex Xobeh
Okawaru
Qazlal
Ru
Sif Muna
Trog
Uskayaw
Vehumet
Wu Jian
Xom
Yredelemnul
Zin
The Shining One
Beogh
Jiyva
Lugonu

Shops:
D:2 =   D:3 *   D:4 *   D:5 [   D:15 *?   Orc:1 (   Orc:2 !:*[   Snake:1 ((
Snake:3 *   Snake:4 [

Portals:
Hell: Depths:1 Depths:2 Depths:3 Depths:4
Abyss: Depths:1 Depths:2 Depths:3 Depths:4
Pandemonium: Depths:2
Ziggurat: Depths:1
Trove: D:12 (give 6 scrolls of fog)

Annotations:
Vaults:4 Mennas
Depths:3 2 transporters, Amikeex's ghost, adept TrMo


Innate Abilities, Weirdness & Mutations

You are a living statue of rough stone.
Your actions are slow, but your melee attacks are powerful.
You are resistant to unholy torment.
Your maximum health is greatly increased.
You are immune to poison.
Your equipment is partially melded.
You are completely covered in large bone plates. (SH +8)
You frequently emit foul miasma when damaged in melee.
A meltable icy envelope protects you from harm. (AC +0)
You are resistant to unholy torment.
A meltable shield of frost defends you. (SH +0)
You punish those that try to bend your will. (Will+)
Your touch may irresistibly damage your foes and sap their willpower.
You occasionally shout uncontrollably at your foes.


Message History

You kill the ironbound preserver!
Vehumet accepts your kill.
The golden dragon claws you but does no damage.
The golden dragon tramples you but does no damage.
The ettin hits you with a +0 dire flail!
* * * LOW HITPOINT WARNING * * *
You emit a cloud of foul miasma!
The ettin hits you with a +0 dire flail!!
* * * LOW HITPOINT WARNING * * *
The vault warden hits you but does no damage.
The fire giant hits you with a +0 great sword of flaming!
* * * LOW HITPOINT WARNING * * *
The fire giant burns you.
* * * LOW HITPOINT WARNING * * *
The shadow dragon is no longer moving slowly.
The shadow dragon looks more healthy.
The eye of devastation changes into a slime creature!
The dread lich touches you but does no damage.
An orc knight comes into view.
It is wielding a +0 great mace of draining.
The shadow dragon bites you but does no damage.
The shadow dragon claws you but does no damage.
The shadow dragon claws you!
* * * LOW HITPOINT WARNING * * *
You emit a cloud of foul miasma!
The deep elf high priest mumbles some strange prayers to its god against you.
Something smites you!
* * * LOW HITPOINT WARNING * * *
The Hell Sentinel barely misses you.
The Hell Sentinel hits you but does no damage.
The ettin is engulfed in dark miasma.
The ettin is poisoned.
The ettin seems to slow down.
The ettin hits you but does no damage.
The ettin hits you with a +0 dire flail.
* * * LOW HITPOINT WARNING * * *
The deep elf demonologist gestures wildly while chanting.
The golden dragon is engulfed in dark miasma.
The golden dragon seems to slow down.
The golden dragon bites you but does no damage.
The golden dragon claws you but does no damage.
The golden dragon tramples you.
You die...

.o ##....# #..
... #.....#....
...##.....#....
.##.............
#..[[....D...D..
......[[eCDc.#.#
.......)pCC.....
.....[[D81)u....
.....[[DCLe(....
......2CDC4[3.[.
..###.[.B......#
#...)[[[....#
....#.[[..[..#
#.J.......#.).#
#)...#...)....)
.#...#......#


You could see a Hell Sentinel (summoned), 4 shadow dragons, a golden dragon
(very poisoned, slow), a dread lich (fast, empowered), a storm dragon, 3 frost
giants, a green very ugly thing, a fire giant (empowered), a vault warden
(empowered, extremely poisoned, slow), a yaktaur captain, an entropy weaver
(empowered), an orc knight, 2 ettins, a slime creature shaped shifter, a soul
eater (summoned), a shadow demon (summoned), a deep elf demonologist (summoned,
empowered), a deep elf high priest (brilliance aura) and an ice devil
(summoned).

Vanquished Creatures
  Mara (Vaults:2)
  A juggernaut (Depths:4)
  A curse toe (Crypt:3)
  Margery (Vaults:2)
  6 golden dragons
  Nikola (Vaults:3)
  The ghost of Plog the Warrior, an adept DgCj (Depths:4)
  A profane servitor (Crypt:3)
  A bone dragon (Vaults:2)
  Rupert (Vaults:1)
  Jorgrun (D:12)
  Mlioglotl (Swamp:2)
  7 tentacled monstrosities
  2 walking earthen tomes
  6 liches
  2 titans
  A walking divine tome (Depths:3)
  Asterion (Vaults:1)
  2 deep elf blademasters (Elf:3)
  3 quicksilver dragons
  2 deep elf master archers (Elf:3)
  8 ancient champions
  A sphinx (Crypt:3)
  Frances (Lair:2)
  2 storm dragons (Depths:4)
  3 thorn hunters
  Donald (Orc:2)
  5 revenants
  5 nagarajas
  3 tengu reavers
  8 draconian monks (Depths:4)
  6 fire giants
  7 shadow dragons
  A fenstrider witch (Swamp:2)
  4 orc warlords
  9 frost giants
  4 deep elf sorcerers
  Aizul (Snake:3)
  13 vault wardens
  2 deep elf elementalists (Elf:3)
  2 ghouls
  A caustic shrike skeleton (Depths:2)
  A spriggan defender (Vaults:1)
  A draconian stormcaller (Depths:4)
  A draconian annihilator (Depths:4)
  3 curse skulls
  14 ironbound preservers
  The ghost of PeterMcNeter the Demonic Aeon, a journeyman DsFi of Cheibriados (Orc:1)
  26 very ugly things
  A war gargoyle (Vaults:4)
  A juggernaut skeleton (Depths:2)
  5 ironbound thunderhulks
  11 stone giants
  7 black draconians
  5 deep elf demonologists
  17 vampire knights
  9 green draconians
  Azrael (Orc:2)
  5 purple draconians (Depths:4)
  5 eleionomae
  4 spark wasps
  A deep elf annihilator (Elf:3)
  4 red draconians (Depths:4)
  2 white draconians (Depths:4)
  4 bunyips
  An entropy weaver (Vaults:1)
  3 dire elephants (Lair:6)
  10 deep elf death magi
  A mummy priest (Crypt:3)
  6 ettins
  2 eidola
  9 fire dragons
  2 merfolk impalers (Orc:1)
  3 crystal guardians
  4 shambling mangroves
  8 jiangshi
  5 deep elf high priests
  12 yaktaur captains
  25 hydras
  3 rakshasas
  A fenstrider witch zombie (Crypt:3)
  6 peacekeepers
  A ghost crab (Swamp:3)
  4 boulder beetles
  29 vault guards
  19 naga warriors
  7 great orbs of eyes
  2 ogre magi (Orc:2)
  5 ice dragons
  5 ironbound frosthearts
  A salamander tyrant (Snake:4)
  4 spriggan air magi
  18 centaur warriors
  18 anacondas
  2 catoblepae (D:13)
  12 alligators
  6 tengu warriors
  14 two-headed ogres
  3 deep troll shamans (Depths:1)
  8 vampire magi
  6 deep troll earth magi
  3 death knights
  A fenstrider witch skeleton (Crypt:2)
  8 shock serpents
  7 death yaks
  25 dancing weapons
  2 orc high priests
  15 naga sharpshooters
  2 storm dragon zombies (Depths:2)
  8 hell knights
  2 spriggan berserkers (Depths:4)
  Sonja (D:12)
  A titan zombie (Crypt:1)
  2 soul eaters
  25 deep elf knights
  A shadow wraith (Crypt:3)
  2 spectral death yaks (Lair:6)
  7 salamander mystics
  A spectral anaconda (Lair:6)
  4 goliath frogs
  7 iron trolls
  A sixfirhy (Depths:2)
  20 skeletal warriors
  A death drake (Depths:4)
  45 deep trolls
  A storm dragon skeleton (Depths:2)
  3 golden dragon zombies (Depths:2)
  6 sea snakes
  11 swamp dragons
  5 flayed ghosts
  An obsidian statue (Lair:6)
  11 phantasmal warriors
  4 glowing orange brains
  3 anaconda zombies (Crypt:3)
  2 orange crystal statues
  9 deep elf archers
  4 lindwurms
  A shadow dragon zombie (Depths:2)
  4 naga ritualists
  3 spriggan druids (Swamp:4)
  9 wizards
  A fenstrider witch simulacrum (Crypt:2)
  8 bog bodies
  6 harpies
  Pikel (D:8)
  A golden dragon skeleton (Depths:2)
  2 frost giant zombies (Depths:2)
  A sphinx zombie (Depths:2)
  16 orc knights
  16 ironbound convokers
  8 necromancers
  12 mana vipers
  27 deep elf zephyrmancers
  43 ugly things
  34 deep elf pyromancers
  A fire giant zombie (Depths:2)
  An eleionoma zombie (Crypt:2)
  6 will-o-the-wisps
  53 slime creatures
  An iron dragon skeleton (Depths:2)
  15 salamanders
  6 orc sorcerers
  7 cyclopes
  3 manticores
  A stone giant zombie (Depths:1)
  A dire elephant zombie (Crypt:3)
  A fire giant skeleton (Depths:2)
  12 elephants
  Maurice (Orc:2)
  An eleionoma skeleton (Crypt:1)
  17 naga magi
  An ice statue (Lair:3)
  A stone giant skeleton (Vaults:1)
  46 black mambas
  A dire elephant skeleton (Lair:6)
  A torpor snail (Lair:3)
  5 guardian serpents
  9 cane toads
  7 vault sentinels
  2 gargoyles
  3 kobold demonologists
  An unseen horror (D:12)
  A white draconian zombie (Crypt:2)
  A catoblepas zombie (Crypt:2)
  A black draconian zombie (Crypt:1)
  4 rime drakes
  2 spriggan zombies
  8 tengu conjurers
  15 komodo dragons
  A death yak skeleton (Crypt:3)
  20 yaktaurs
  A pale draconian skeleton (Crypt:3)
  An anaconda simulacrum (Lair:3)
  An ice devil (Lair:3)
  6 freezing wraiths
  A hydra zombie (Crypt:2)
  A yaktaur skeleton (Vaults:1)
  The ghost of PanSaczeczos the Skirmisher, an amateur HOWn of Makhleb (D:3)
  7 tyrant leeches
  A human skeleton (Vaults:1)
  3 meliai (D:14)
  9 guardian mummies (Crypt:3)
  A merfolk (shapeshifter) (Vaults:3)
  A polar bear (shapeshifter) (D:13)
  A bloated husk (Swamp:2)
  A polar bear (Lair:3)
  13 hornets
  14 trolls
  16 dream sheep
  Prince Ribbit (Lair:3)
  An iron troll skeleton (Crypt:1)
  A hornet (shapeshifter) (D:14)
  A spectral elephant (Lair:6)
  16 blink frogs
  A snapping turtle (shapeshifter) (Vaults:1)
  A jumping spider zombie (Crypt:2)
  A meliai zombie (D:10)
  4 flying skulls (Depths:2)
  A culicivora (Vaults:1)
  8 wraiths
  A spriggan skeleton (Depths:2)
  A shadow (D:11)
  4 air elementals
  29 yaks
  8 spriggans
  A wyvern (D:10)
  A fire dragon skeleton (Crypt:2)
  A naga simulacrum (Crypt:3)
  A yak (shapeshifter) (D:15)
  16 humans
  4 vampires (Crypt:3)
  7 fire elementals
  Grum (D:8)
  4 water elementals
  2 basilisks
  A death yak simulacrum (Lair:6)
  A steam dragon (D:7)
  10 vampire mosquitoes
  Menkaure (D:7)
  14 swamp worms
  52 nagas
  A spectral cane toad (Lair:6)
  A water moccasin (shapeshifter) (D:13)
  4 hell hounds (Orc:2)
  11 water moccasins
  An acid dragon (D:9)
  5 swamp drakes (Swamp:4)
  A hornet zombie (D:8)
  35 orc warriors
  An ice beast (D:5)
  A cane toad skeleton (Crypt:2)
  A sky beast (D:5)
  A lindwurm zombie (Crypt:2)
  3 elephant zombies
  A snapping turtle zombie (Crypt:1)
  2 necrophages
  22 ogres
  A boggart (Vaults:1)
  30 wolves
  2 elephant skeletons (Lair:6)
  A blink frog skeleton (Crypt:3)
  17 centaurs
  A komodo dragon zombie (Crypt:2)
  17 kobold brigands (D:8)
  10 bullfrogs
  4 earth elementals
  A scorpion (D:5)
  A wyvern zombie (D:6)
  3 cane toad simulacra
  A deep troll simulacrum (Crypt:3)
  2 water moccasin zombies (D:5)
  A shapeshifter zombie (Crypt:3)
  2 elephant simulacra
  11 killer bees
  3 wights (D:8)
  11 electric eels
  A troll skeleton (Crypt:3)
  5 howler monkeys
  A tengu skeleton (Depths:1)
  7 hounds
  4 centaur zombies
  A wolf skeleton (Crypt:2)
  A gnoll shaman (D:7)
  A bullfrog zombie (D:7)
  2 iguanas
  17 orc priests
  A black bear zombie (Crypt:2)
  2 jellies
  18 orc wizards
  3 spriggan simulacra
  A hound skeleton (D:3)
  A howler monkey zombie (D:9)
  9 gnolls
  7 adders
  2 shadow imps (D:8)
  An ufetubus (Vaults:4)
  2 adder skeletons
  A halfling skeleton (Crypt:1)
  2 worms
  A barachi zombie (Crypt:3)
  4 dart slugs
  79 orcs
  A bat skeleton (Crypt:1)
  10 endoplasms
  5 giant cockroaches
  13 goblins
  14 hobgoblins
  4 jackals (D:1)
  44 kobolds
  6 quokkas
  5 ball pythons
  2 bats
  A dart slug zombie (Crypt:3)
  4 frilled lizards
  A goblin skeleton (Crypt:1)
  A jackal skeleton (Crypt:1)
  11 kobold skeletons (D:8)
  7 kobold zombies (D:8)
  A quokka skeleton (Crypt:3)
  4 rats
  A river rat zombie (Crypt:3)
2019 creatures vanquished.

Vanquished Creatures (collateral kills)
  A manticore (D:12)
  Psyche (D:12)
2 creatures vanquished.

Vanquished Creatures (others)
  A boulder beetle (D:13)
  A two-headed ogre (D:13)
  A centaur warrior (D:13)
  A deep elf knight (Elf:1)
  A naga mage (Snake:1)
  An orc wizard (D:14)
  An orc (Orc:2)
  A quokka (D:4)
  A ball python (D:4)
  14 foxfires
  11 fungi
  29 plants
  15 withered plants (Lair:6)
78 creatures vanquished.

Grand Total: 2099 creatures vanquished

Notes
Turn   | Place    | Note
-------+----------+-------------------------------------------
     0 | D:1      | protoss039 the Demonspawn Earth Elementalist began the
                  | quest for the Orb.
     0 | D:1      | Reached XP level 1. HP: 13/13 MP: 3/3
    27 | D:1      | Reached skill level 1 in Transmutations
   115 | D:1      | Reached skill level 1 in Fighting
   372 | D:1      | Gained mutation: You are partially covered in large bone
                  | plates. (SH +4) [demonic ancestry]
   372 | D:1      | Reached XP level 2. HP: 17/21 MP: 5/5
  1365 | D:1      | Gained mutation: You may rarely emit foul miasma when
                  | damaged in melee. [demonic ancestry]
  1365 | D:1      | Reached XP level 3. HP: 22/27 MP: 6/6
  1669 | D:1      | Learned a level 2 spell: Passwall
  1774 | D:2      | Found a faded altar of an unknown god.
  1782 | D:2      | Got Plato's Collected Works on Intoxication
  2030 | D:2      | Learned a level 3 spell: Stone Arrow
  2046 | D:2      | Reached skill level 2 in Fighting
  2151 | D:2      | Found Cuunuge's Jewellery Shoppe.
  2281 | D:3      | Found a runed translucent door.
  2283 | D:3      | Noticed PanSaczeczos's ghost (amateur HOWn)
  2321 | D:3      | Gained mutation: You are mostly covered in large bone
                  | plates. (SH +6) [demonic ancestry]
  2321 | D:3      | Reached XP level 4. HP: 20/34 MP: 1/7
  2344 | D:3      | Reached skill level 3 in Fighting
  2735 | D:3      | Found Keovy's General Store.
  2738 | D:3      | Bought a scroll of fog for 20 gold pieces
  2738 | D:3      | Bought a scroll of identify for 20 gold pieces
  2746 | D:3      | Gained mutation: Your touch may inflict minor irresistible
                  | damage on your foes. [demonic ancestry]
  2746 | D:3      | Reached XP level 5. HP: 41/41 MP: 5/9
  3685 | D:4      | Found Juohul's Neck Hole.
  3690 | D:4      | Found a bloodstained altar of Trog.
  3691 | D:4      | Found a hazy altar of Hepliaklqana.
  3865 | D:4      | Found a sparkling altar of Nemelex Xobeh.
  3867 | D:4      | Found a hide-covered altar of Uskayaw.
  3897 | D:4      | Found a snail-covered altar of Cheibriados.
  3900 | D:4      | Found a shimmering blue altar of Sif Muna.
  3938 | D:4      | Reached skill level 4 in Fighting
  3952 | D:4      | Reached XP level 6. HP: 28/48 MP: 4/11
  4454 | D:4      | Found a staircase to the Ecumenical Temple.
  4470 | Temple   | Entered the Ecumenical Temple
  4561 | Temple   | Became a worshipper of Vehumet
  4735 | D:4      | Found an opulent altar of Gozag.
  4854 | D:5      | Entered Level 5 of the Dungeon
  5169 | D:5      | Found Wecitwol's Armour Shoppe.
  5359 | D:5      | Reached skill level 5 in Fighting
  5359 | D:5      | Reached XP level 7. HP: 56/56 MP: 0/12
  6224 | D:5      | Reached * piety under Vehumet
  6224 | D:5      | Offered knowledge of Foxfire by Vehumet.
  6355 | D:5      | Learned a level 3 spell: Swiftness
  6377 | D:5      | Reached skill level 6 in Fighting
  6531 | D:5      | Reached skill level 5 in Earth Magic
  6535 | D:5      | Reached XP level 8. HP: 46/64 MP: 0/15
  6643 | D:6      | Reached skill level 5 in Spellcasting
  7073 | D:6      | Found a stormy altar of Qazlal.
  7291 | D:6      | Found the +1 Delatra's gloves {ID++}
  7744 | D:7      | Found a flagged portal.
  7784 | Bailey   | Entered a bailey
  7953 | Bailey   | Acquired the ring of Cenilati {rPois rC+ rN+ Str+3 Int+3
                  | Dex-4}
  7991 | Bailey   | Noticed an orc knight
  8308 | Bailey   | Offered knowledge of Static Discharge by Vehumet.
  8332 | Bailey   | Learned a level 2 spell: Static Discharge
  8338 | Bailey   | Reached ** piety under Vehumet
  8450 | Bailey   | Noticed an orc knight
  8462 | Bailey   | Reached XP level 9. HP: 69/69 MP: 12/19
  8736 | Bailey   | Found an iron altar of Okawaru.
  8750 | Bailey   | Noticed a kobold demonologist
  8750 | Bailey   | Noticed an orc sorcerer
  8758 | Bailey   | Noticed an orange demon
  8758 | Bailey   | Killed a kobold demonologist
  8761 | Bailey   | Killed an orc sorcerer
  8869 | Bailey   | Killed an orc knight
  9267 | Bailey   | Identified the +3 pair of gloves of Daisies {MP+9 Str+2}
  9424 | D:7      | Noticed Menkaure
  9435 | D:7      | Killed Menkaure
  9435 | D:7      | Offered knowledge of Conjure Flame by Vehumet.
  9776 | D:7      | Reached XP level 10. HP: 76/76 MP: 7/22
  9926 | D:7      | Reached *** piety under Vehumet
 10293 | D:8      | Reached skill level 1 in Armour
 10387 | D:8      | Offered knowledge of Frozen Ramparts by Vehumet.
 10569 | D:8      | Found an ancient bone altar of Kikubaaqudgha.
 10586 | D:8      | Reached **** piety under Vehumet
 10691 | D:8      | Offered knowledge of Inner Flame by Vehumet.
 10894 | D:8      | Reached skill level 7 in Fighting
 10894 | D:8      | Reached skill level 1 in Conjurations
 10935 | D:8      | Noticed Pikel
 10940 | D:8      | Killed Pikel
 11090 | D:8      | Noticed a sixfirhy
 11352 | D:8      | Noticed Grum
 11372 | D:8      | Killed Grum
 12304 | D:8      | Reached ***** piety under Vehumet
 12331 | D:8      | Offered knowledge of Lee's Rapid Deconstruction by Vehumet.
 12344 | D:8      | Learned a level 5 spell: Lee's Rapid Deconstruction
 12548 | D:9      | Gained mutation: You sometimes emit foul miasma when
                  | damaged in melee. [demonic ancestry]
 12548 | D:9      | Reached XP level 11. HP: 84/84 MP: 24/24
 12644 | D:9      | Found a sacrificial altar of Ru.
 13300 | D:10     | Entered Level 10 of the Dungeon
 13300 | D:10     | Found a staircase to the Orcish Mines.
 13691 | D:10     | Found an iron altar of Okawaru.
 14146 | D:11     | Noticed a two-headed ogre
 14152 | D:11     | Killed a two-headed ogre
 14241 | D:11     | Noticed an orange crystal statue
 14342 | D:11     | Reached skill level 5 in Armour
 14342 | D:11     | Reached skill level 5 in Conjurations
 14405 | D:11     | Noticed a death yak
 14405 | D:11     | Noticed a death yak
 14407 | D:11     | Noticed a death yak
 14545 | D:10     | Killed a death yak
 14546 | D:10     | Reached skill level 8 in Fighting
 14624 | D:10     | Killed a death yak
 14987 | D:10     | Killed a death yak
 14988 | D:10     | Reached skill level 10 in Earth Magic
 15209 | D:11     | Found a staircase to the Lair.
 15322 | D:11     | Noticed a two-headed ogre
 15326 | D:11     | Killed a two-headed ogre
 15693 | D:11     | Killed an orange crystal statue
 15797 | D:11     | Acquired the ring of Xom's Full Attention {Ice Will+ Str+2}
 15799 | D:11     | Acquired 1103 gold pieces
 15842 | D:12     | Noticed Jorgrun
 15852 | D:12     | Noticed Psyche
 15854 | D:12     | Killed Jorgrun
 15855 | D:12     | Reached skill level 10 in Spellcasting
 15855 | D:12     | Gained mutation: Your touch may inflict irresistible damage
                  | on your foes. [demonic ancestry]
 15855 | D:12     | Reached XP level 12. HP: 34/94 MP: 5/26
 15871 | D:12     | Killed Psyche
 15872 | D:12     | Reached skill level 9 in Fighting
 16188 | D:12     | Noticed Sonja
 16200 | D:12     | Killed Sonja
 16428 | D:12     | Noticed a vault guard
 16493 | D:12     | Noticed a two-headed ogre
 16664 | D:11     | Acquired a staff of earth
 16851 | D:12     | Noticed a boulder beetle
 16864 | D:12     | Killed a boulder beetle
 16886 | D:12     | Killed a two-headed ogre
 17222 | D:13     | Noticed a catoblepas
 17227 | D:13     | Killed a catoblepas
 17232 | D:12     | Reached skill level 10 in Fighting
 17391 | D:13     | Noticed a catoblepas
 17398 | D:13     | Killed a catoblepas
 17398 | D:13     | Noticed a centaur warrior
 17407 | D:13     | Killed a centaur warrior
 17461 | D:13     | Noticed a boulder beetle
 17472 | D:13     | Killed a boulder beetle
 17623 | D:13     | Offered knowledge of Olgreb's Toxic Radiance by Vehumet.
 17629 | D:13     | Learned a level 4 spell: Olgreb's Toxic Radiance
 17771 | D:13     | Noticed a centaur warrior
 17778 | D:13     | Killed a centaur warrior
 18139 | D:13     | Noticed a two-headed ogre
 18142 | D:13     | Killed a two-headed ogre
 18214 | D:13     | Noticed a boulder beetle
 18224 | D:13     | Killed a boulder beetle
 18233 | D:13     | Reached skill level 11 in Fighting
 18233 | D:13     | Gained mutation: You frequently emit foul miasma when
                  | damaged in melee. [demonic ancestry]
 18233 | D:13     | Reached XP level 13. HP: 93/106 MP: 20/27
 19431 | D:13     | Reached skill level 1 in Shields
 19702 | D:13     | Found a shimmering altar of Xom.
 19817 | D:13     | Identified the +5 chain mail "Damnable Contraption" {+Inv
                  | rElec Dex+2}
 20109 | D:14     | Reached skill level 12 in Fighting
 20242 | D:14     | Found a gate to the Vaults.
 20734 | D:14     | Offered knowledge of Spellforged Servitor by Vehumet.
 21038 | D:14     | Gained mutation: A meltable shield of frost defends you.
                  | (SH +0) [demonic ancestry]
 21038 | D:14     | Reached XP level 14. HP: 116/116 MP: 28/29
 21188 | D:14     | Noticed an orc warlord
 21200 | D:14     | Killed an orc warlord
 22373 | D:15     | Entered Level 15 of the Dungeon
 22573 | D:15     | Reached skill level 5 in Shields
 22923 | D:15     | Reached skill level 13 in Fighting
 23219 | D:15     | Found Tikoer's Magic Scroll Boutique.
 23222 | D:15     | Found Reungicso's Assorted Antiques.
 23259 | D:15     | Bought a scroll of identify for 24 gold pieces
 23259 | D:15     | Bought a scroll of teleportation for 36 gold pieces
 23260 | D:15     | Bought a scroll of identify for 24 gold pieces
 23260 | D:15     | Bought a scroll of identify for 24 gold pieces
 23267 | D:15     | Bought a potion of heal wounds for 180 gold pieces
 23479 | D:15     | Found a staircase to the Depths.
 23479 | D:15     | Noticed a stone giant
 23483 | D:15     | Killed a stone giant
 24007 | Lair:1   | Entered Level 1 of the Lair of Beasts
 24300 | Lair:1   | Offered knowledge of Irradiate by Vehumet.
 24310 | Lair:1   | Learned a level 5 spell: Irradiate
 25168 | Lair:2   | Found a staircase to the Snake Pit.
 25443 | Lair:2   | You are sucked into a shaft and drop 1 floor!
 25848 | Lair:3   | Learned a level 5 spell: Freezing Cloud
 26173 | Lair:3   | Noticed Prince Ribbit
 26182 | Lair:3   | Killed Prince Ribbit
 26850 | Lair:3   | Gained mutation: A meltable icy envelope protects you from
                  | harm. (AC +0) [demonic ancestry]
 26850 | Lair:3   | Reached XP level 15. HP: 94/125 MP: 29/31
 26985 | Lair:3   | Found a staircase to the Swamp.
 28154 | Lair:4   | Reached skill level 14 in Fighting
 28161 | Lair:4   | Identified the +11 spear "Vuxtyubuu" {freeze, +Blink
                  | Stlth+}
 28315 | Lair:4   | Offered knowledge of Iron Shot by Vehumet.
 28326 | Lair:4   | Learned a level 6 spell: Iron Shot
 29609 | Lair:5   | Identified the ring of Cesoy {Fire rN++}
 30362 | Lair:6   | Entered Level 6 of the Lair of Beasts
 31101 | Lair:6   | Found a staircase to the Slime Pits.
 31104 | Lair:6   | Found a viscous altar of Jiyva.
 31138 | Lair:6   | Identified the +7 chain mail "Coagodwe" {rN+++ MP-9}
 32867 | Orc:1    | Entered Level 1 of the Orcish Mines
 32993 | Orc:2    | Entered Level 2 of the Orcish Mines
 32993 | Orc:2    | Found a staircase to the Elven Halls.
 33011 | Orc:2    | Noticed Donald
 33016 | Orc:2    | Killed Donald
 33215 | Orc:2    | Noticed Azrael
 33223 | Orc:2    | Killed Azrael
 33654 | Orc:2    | Noticed Maurice
 33662 | Orc:2    | Offered knowledge of Starburst by Vehumet.
 33666 | Orc:2    | Killed Maurice
 33671 | Orc:2    | Gained mutation: Your touch may irresistibly damage your
                  | foes and sap their willpower. [demonic ancestry]
 33671 | Orc:2    | Reached XP level 16. HP: 134/134 MP: 8/33
 33812 | Orc:1    | Learned a level 6 spell: Starburst
 34078 | Orc:2    | Reached skill level 15 in Fighting
 34090 | Orc:2    | Found Ziczam's Distillery.
 34354 | Orc:2    | Found Cuddipn's General Store.
 34355 | Orc:2    | Found Qeacefum's Armour Emporium.
 34357 | Orc:2    | Bought a potion of curing for 42 gold pieces
 34357 | Orc:2    | Bought 2 potions of curing for 84 gold pieces
 34357 | Orc:2    | Bought a potion of heal wounds for 70 gold pieces
 34357 | Orc:2    | Bought a potion of curing for 42 gold pieces
 34357 | Orc:2    | Bought a potion of ambrosia for 112 gold pieces
 34357 | Orc:2    | Bought 2 potions of ambrosia for 224 gold pieces
 34357 | Orc:2    | Bought a potion of mutation for 112 gold pieces
 34357 | Orc:2    | Bought a potion of cancellation for 112 gold pieces
 34362 | Orc:2    | Bought a potion of cancellation for 96 gold pieces
 34657 | Orc:2    | Found Newygg's Book Shop.
 35017 | Snake:1  | Entered Level 1 of the Snake Pit
 35017 | Snake:1  | Noticed Frances
 35024 | Lair:2   | Killed Frances
 35292 | Snake:1  | Reached skill level 10 in Conjurations
 35655 | Snake:1  | Found Huevog's Antique Weapon Boutique.
 35878 | Snake:1  | Found Dezxe's Jewellery Shoppe.
 36329 | Snake:1  | Offered knowledge of Maxwell's Capacitive Coupling by
                  | Vehumet.
 36763 | Snake:1  | Found Bufeseigam's Antique Weapon Shoppe.
 38768 | Snake:2  | Identified the +4 kite shield of the Enchanted Forest
                  | {rElec rC- Regen+}
 38922 | Snake:2  | Found a shimmering altar of Xom.
 39100 | Snake:3  | Found Runa's General Store.
 39108 | Snake:3  | Bought a scroll of amnesia for 56 gold pieces
 39108 | Snake:3  | Bought a scroll of teleportation for 48 gold pieces
 39108 | Snake:3  | Bought a scroll of teleportation for 48 gold pieces
 39159 | Snake:3  | Noticed Aizul
 39164 | Snake:3  | Killed Aizul
 39728 | Snake:3  | Reached XP level 17. HP: 142/142 MP: 30/35
 41022 | Snake:4  | Entered Level 4 of the Snake Pit
 41189 | Snake:4  | Reached skill level 10 in Shields
 41516 | Snake:4  | Reached skill level 15 in Spellcasting
 42658 | Snake:4  | Reached skill level 16 in Fighting
 43163 | Snake:4  | Got a serpentine rune of Zot
 43842 | Snake:4  | Found Fahath's Armour Emporium.
 44076 | Snake:4  | Found a runed translucent gate.
 44076 | Snake:4  | Found a runed translucent gate.
 44076 | Snake:4  | Found a runed translucent gate.
 44201 | Snake:4  | Gained mutation: You punish those that try to bend your
                  | will. (Will+) [demonic ancestry]
 44201 | Snake:4  | Reached XP level 18. HP: 81/153 MP: 37/37
 44201 | Snake:4  | Reached ****** piety under Vehumet
 44201 | Snake:4  | Offered knowledge of Lehudib's Crystal Spear by Vehumet.
 44201 | Snake:4  | Offered knowledge of Ignition by Vehumet.
 44201 | Snake:4  | Offered knowledge of Maxwell's Capacitive Coupling by
                  | Vehumet.
 44455 | Snake:4  | Learned a level 8 spell: Lehudib's Crystal Spear
 44637 | Swamp:1  | Entered Level 1 of the Swamp
 45779 | Swamp:2  | Noticed Mlioglotl
 45785 | Swamp:2  | Killed Mlioglotl
 47519 | Swamp:3  | Reached skill level 17 in Fighting
 48252 | Swamp:4  | Entered Level 4 of the Swamp
 49085 | Swamp:4  | Noticed a tentacled monstrosity
 49098 | Swamp:4  | Killed a tentacled monstrosity
 50585 | Swamp:4  | Got a decaying rune of Zot
 51058 | D:3      | Killed PanSaczeczos's ghost
 51389 | D:12     | Found a portal to a secret trove of treasure.
 51729 | Orc:1    | Found Eriept's Weapon Boutique.
 51855 | Orc:1    | Found a runed translucent gate.
 51855 | Orc:1    | Found a runed translucent gate.
 51856 | Orc:1    | Found a runed translucent gate.
 51857 | Orc:1    | Found an iron altar of Okawaru.
 51857 | Orc:1    | Noticed PeterMcNeter's ghost (journeyman DsFi)
 52039 | Orc:1    | Killed PeterMcNeter's ghost
 52684 | Elf:1    | Entered Level 1 of the Elven Halls
 52693 | Elf:1    | Gained mutation: You are completely covered in large bone
                  | plates. (SH +8) [demonic ancestry]
 52693 | Elf:1    | Reached XP level 19. HP: 163/163 MP: 34/39
 52942 | D:4      | Bought a +0 cloak of preservation for 138 gold pieces
 53323 | Elf:1    | Reached skill level 18 in Fighting
 53347 | Elf:1    | Reached skill level 15 in Earth Magic
 55509 | Elf:2    | Identified the +5 flail "Ceufanad" {vorpal, *Rage rPois
                  | Str+10 Int-4}
 55788 | Elf:2    | Found a runed translucent gate.
 55789 | Elf:2    | Found a runed translucent gate.
 55795 | Elf:2    | Found a runed translucent gate.
 56313 | Elf:2    | Paralysed by an air elemental for 1 turns
 56318 | Elf:2    | Paralysed by an air elemental for 1 turns
 58113 | Elf:3    | Entered Level 3 of the Elven Halls
 59139 | Elf:3    | Identified the +10 plate armour of Daisies {Contam rCorr
                  | SInv}
 59431 | Elf:3    | Identified the +6 mace of Plog {freeze, Str+4}
 59436 | Elf:3    | Reached XP level 20. HP: 157/170 MP: 19/41
 59771 | Elf:3    | Identified the +2 halberd of Nosu {venom, MP+9 Str+6}
 60108 | Elf:3    | Found the +6 shillelagh "Devastator" {shatter}
 60156 | Elf:3    | Identified the +6 hand axe of Deng {drain, rPois}
 60537 | Vaults:1 | Entered Level 1 of the Vaults
 61738 | Vaults:1 | Noticed Asterion
 61765 | Vaults:1 | Noticed Rupert
 61773 | Vaults:1 | Killed Rupert
 61940 | Vaults:1 | Reached skill level 10 in Armour
 62853 | Vaults:1 | Killed Asterion
 63086 | Vaults:1 | Acquired 620 gold pieces
 63482 | Vaults:2 | Noticed Mara
 63485 | Vaults:2 | Noticed protoss039's illusion
 63487 | Vaults:2 | Killed Mara
 63682 | Vaults:2 | Noticed Margery
 63702 | Vaults:2 | HP: 5/172 [Margery/fireball (76)]
 65059 | Vaults:2 | Killed Margery
 65262 | Vaults:2 | Found a staircase to the Crypt.
 65318 | Vaults:2 | Noticed a bone dragon
 65335 | Vaults:2 | Killed a bone dragon
 65336 | Vaults:2 | Reached skill level 19 in Fighting
 66105 | Vaults:3 | Gained mutation: You are resistant to unholy torment.
                  | [demonic ancestry]
 66105 | Vaults:3 | Reached XP level 21. HP: 180/180 MP: 16/43
 66893 | Vaults:3 | Noticed Nikola
 66898 | Vaults:3 | Killed Nikola
 67012 | Vaults:3 | Noticed a golden dragon
 67030 | Vaults:3 | Killed a golden dragon
 68381 | Vaults:4 | Noticed Mennas
 68734 | Vaults:4 | Found a flickering gateway to a bazaar.
 68743 | Bazaar   | Entered a bazaar
 68743 | Bazaar   | Found Hogech's Antique Armour Shop.
 68743 | Bazaar   | Found Hutog's Book Emporium.
 68743 | Bazaar   | Found Piagod's General Store.
 68743 | Bazaar   | Found Himiyf's Assorted Antiques.
 68802 | Bazaar   | Bought a potion of brilliance for 40 gold pieces
 68829 | Bazaar   | Bought a potion of curing for 54 gold pieces
 68829 | Bazaar   | Bought a potion of invisibility for 144 gold pieces
 68829 | Bazaar   | Bought a scroll of teleportation for 54 gold pieces
 70474 | Vaults:4 | Reached skill level 20 in Fighting
 70632 | Crypt:1  | Entered Level 1 of the Crypt
 70970 | Crypt:1  | Identified the ring of Cuhiack {Fire Drain +Blink rElec
                  | Dex+4}
 71884 | Crypt:1  | Reached skill level 15 in Shields
 71886 | Crypt:1  | Reached XP level 22. HP: 190/190 MP: 18/44
 72463 | Crypt:1  | Identified the +8 hand crossbow of Kuxzaot {elec, Will+}
 72464 | Crypt:1  | Identified the +5 dagger "Lomiridycu" {antimagic, rN++
                  | Str-3 SInv}
 73984 | Crypt:3  | Entered Level 3 of the Crypt
 75318 | Crypt:3  | Reached skill level 21 in Fighting
 75660 | Crypt:3  | Noticed a curse toe
 76084 | Crypt:3  | Killed a curse toe
 76210 | Crypt:3  | Found an ancient bone altar of Kikubaaqudgha.
 76214 | Crypt:3  | Found a basalt altar of Yredelemnul.
 76224 | Crypt:3  | Identified the amulet of Fac Pure {Regen+ rCorr}
 76224 | Crypt:3  | Identified the ring "Wuarghid" {rElec rPois rN+}
 76224 | Crypt:3  | Identified the ring "Useufin" {rN+ Int+5}
 76227 | Crypt:3  | Got the Compendium of Dark Secrets
 76228 | Crypt:3  | Identified the ring of Balance {rPois rC+ Dex+2}
 76473 | Crypt:3  | Found a staircase to the Tomb.
 77099 | D:15     | Learned a level 8 spell: Ignition
 77110 | D:15     | Learned a level 9 spell: Shatter
 77118 | D:15     | Learned a level 6 spell: Statue Form
 77245 | Orc:2    | Bought +2 fire dragon scales for 1296 gold pieces
 77461 | Depths:1 | Entered Level 1 of the Depths
 77461 | Depths:1 | Found an ornate altar of the Wu Jian Council.
 77663 | Depths:1 | Found a one-way gate to the infinite horrors of the Abyss.
 77956 | Depths:1 | Found a gateway to Hell.
 78781 | Depths:1 | Reached skill level 5 in Transmutations
 79000 | Depths:1 | You are sucked into a shaft and drop 1 floor!
 79429 | Depths:1 | Found a one-way gateway to a ziggurat.
 81216 | Depths:2 | Found a corrupted altar of Lugonu.
 81515 | Depths:2 | Found a one-way gate leading to the halls of Pandemonium.
 81646 | Depths:2 | Reached XP level 23. HP: 200/200 MP: 25/45
 82617 | Depths:3 | Found a transporter.
 82618 | Depths:3 | Gained mutation: You occasionally shout uncontrollably at
                  | your foes. [mutagenic glow]
 83572 | Depths:3 | Found a bloodstained altar of Trog.
 83573 | Depths:3 | Noticed Amikeex's ghost (adept TrMo)
 83576 | Depths:3 | Identified the +5 spear "Zayjuake" {venom, Will+ Int-5
                  | Dex+8}
 83593 | Depths:3 | Noticed a juggernaut
 84659 | Depths:3 | Found a transporter.
 85462 | Depths:3 | Found a bloodstained altar of Trog.
 86080 | Depths:4 | Entered Level 4 of the Depths
 86284 | Depths:4 | Noticed a juggernaut
 86698 | Depths:4 | Killed a juggernaut
 87092 | Depths:4 | Found a basalt altar of Yredelemnul.
 87502 | Depths:4 | Reached skill level 15 in Armour
 88471 | Depths:4 | Found a runed translucent door.
 88818 | Depths:4 | Gained mutation: A meltable icy envelope protects you from
                  | harm. (AC +0) [demonic ancestry]
 88818 | Depths:4 | Reached XP level 24. HP: 180/208 MP: 21/45
 88931 | Depths:4 | Noticed Plog's ghost (adept DgCj)
 89578 | Depths:4 | Identified the +6 spear of Fetho {vorpal, Will- Dex+5 SInv}
 90383 | Depths:4 | Found a gate to the Realm of Zot.
 90827 | Depths:4 | Killed Plog's ghost
 91227 | Vaults:5 | Entered Level 5 of the Vaults
 91378 | Vaults:5 | Noticed a dread lich
 91385 | Vaults:5 | Paralysed by a dread lich for 7 turns
 91389 | Vaults:5 | HP: 9/270 [deep elf high priest/divine providence (13)]
 91389 | Vaults:5 | HP: 3/270 [ettin/+0 dire flail (6)]
 91389 | Vaults:5 | Slain by a golden dragon

Illustrated notes

Levels and vault maps discovered:
D:1:      ncdulo_halloftheorcs, layout_basic
D:2:      layout_basic, serial_shops, nicolae_shop_waterfront,
          shapermc_ecumenical_altar_rom_forum, basic_altar
D:3:      layout_loops_cross, serial_shops, nicolae_shop_stone,
          hellmonk_ghost_happy_afterlife, minmay_between,
          uniq_crazy_yiuf_cottage
D:4:      layout_rooms, elyvilon_altar_4, nicolae_overflow_hallway_of_the_gods,
          pdpol_temple_overflow_zin_treasury_gozag_greed,
          minmay_temple_entry_hall, nicolae_shop_sticking_my_neck_out
D:5:      layout_gridville, serial_shops, nicolae_stop_n_shop_1,
          small_statue_intersection, minmay_misc_feat_nine_boxes
D:6:      layout_rooms, nicolae_qazlal_scattered_showers
D:7:      layout_gridville, enter_bailey_5, uniq_menkaure
D:8:      wander_kiku_kobolds, layout_loops_corners, special_room
          [special_room_kobold], minmay_misc_feat_diagonals, uniq_grum,
          uniq_pikel
D:9:      layout_rooms, nicolae_ru_great_annihilating_truth
D:10:     layout_cross, okawaru_gym_becter, david_orc_2
D:11:     layout_loops_cross, dpeg_lair_monsters, minivault_16,
          minmay_hedge_maze, amcnicky_mini_pool_small
D:12:     layout_cave_pools, enter_trove_5, uniq_sonja, uniq_jorgrun,
          uniq_psyche
D:13:     cheibrodos_fzero, layout_basic, xom_confusion_cloud
D:14:     orc_temple, layout_cave_pools, david_vaults_3, kennysheep_minor_cross
D:15:     grunt_enter_depths_snipers, layout_loops_ring, roderic_lattice_a,
          nicolae_wooded_promenade
Temple:   zaba_magenta_temple
Lair:1:   layout_misc_corridors, chequers_serial_rivers_small_3
Lair:2:   layout_cave_pods, guppyfry_snake_entry_garden
Lair:3:   dreamdust_isle_of_ice, layout_cave_pods,
          nicolae_swamp_entry_splash_gauntlet, uniq_prince_ribbit2
Lair:4:   layout_cave_pods
Lair:5:   layout_cellular_growth, st_stairs_8, beast_lair_carwin_1
Lair:6:   due_jungle_book, layout_cave_pods, slime_altar_1
Swamp:1:  layout_basic_swamp, nicolae_swamp_little_swirl
Swamp:2:  layout_falls_marsh, evilmike_swamp_ruin_house_1, swamp_pool3,
          uniq_mlioglotl
Swamp:3:  layout_falls_marsh, serial_swamp_ruin, hangedman_swamp_ruin_hall,
          evilmike_swamp_ruin_house_3, evilmike_swamp_ruin_house_2
Swamp:4:  swamp_alternative, layout_basic_swamp
Snake:1:  layout_gridlike, serial_shops, shop, shop, nicolae_diamond_shop,
          grunt_megastairs_4, uniq_frances
Snake:2:  layout_grid_shapes, basic_altar, nicolae_elevator_lobby_plus,
          serial_bayou_shore_a
Snake:3:  layout_rooms, serial_shops, nicolae_lakefront_shop,
          nicolae_snake_gridmaze_zigzag, nicolae_snake_gridmaze_big_u,
          nicolae_snake_springs, serial_bayou_shore_b, uniq_aizul
Snake:4:  snake_pit, layout_rooms, serial_shops, nicolae_shop_waterfront,
          nicolae_snake_horde_hoard
Orc:1:    layout_caves, serial_shops, shop_statue,
          gammafunk_ghost_fury_of_okawaru
Orc:2:    st_orc_open, layout_diamond_mine, uniq_donald, uniq_azrael,
          uniq_maurice
Elf:1:    nicolae_elf_arrival_fired_up, layout_loops_corners,
          hangedman_elven_crosses_minicolossus, serial_sigils_hangedman_stare
Elf:2:    elven_hall_of_blades_hangedman_original
          [nicolae_vaults_blade_armed_guards], layout_loops_cross,
          portal_ice_cave_entry_ugly_swarm
Elf:3:    grunt_elf_hall_branching, layout_onion_city
Vaults:1: vaults_dpeg_encased_lava, grunt_vaults_bifocal,
          vaults_mumra_minichess, sword_in_stone, ontoclasm_vaults_gateway,
          v_misc_28, vaults_mumra_hex, dpeg_vaults_monster_box,
          grunt_vaults_hallway_short, ontoclasm_vaults_chip,
          layout_vaults_chaotic_city
Vaults:2: vaults_mumra_chevron_long, v_misc_31, hangedman_vaults_maws,
          v_misc_10, minmay_crypt_entry_nasty_monster, v_alt_pattern_4,
          nicolae_vaults_halls_meeting, vaults_dpeg_doors, vaults_room_hallway,
          nicolae_vaults_diagonal_hallway_7, nicolae_vaults_network_square,
          ontoclasm_vaults_tryst, v_alt_pattern_6,
          nicolae_vaults_little_squares_1, layout_vaults_maze_snakey,
          uniq_margery, uniq_mara
Vaults:3: nicolae_vaults_disjoint_gnomons, v_misc_22, nicolae_vaults_what_the_h,
          st_diamondy, nicolae_vaults_theta, nicolae_vaults_little_ls,
          v_rooms_3, vaults_room_hallway, vaults_mumra_chevron,
          ontoclasm_vaults_shuriken, v_misc_3, vaults_dpeg_diagonal,
          nicolae_vaults_little_squares_3, layout_vaults_omnicross, uniq_nikola
Vaults:4: v_misc_4, serial_ice_h, v_misc_19, hangedman_vaults_snaps,
          hangedman_vaults_corner, v_alt_pattern_2, vaults_room_hallway,
          ontoclasm_vaults_twist, layout_vaults_omnibox, serial_shops,
          bzr_firewalk, uniq_mennas
Vaults:5: serial_shops
Crypt:1:  statuecave_lemuel, layout_misc_corridors, chequers_big_river
Crypt:2:  layout_rooms
Crypt:3:  lightli_unholy_cathedral, layout_chaotic_city,
          tomb_entry_sphere_bobbens
Depths:1: layout_gridlike, enter_ziggurat_a, abyss_entry,
          grunt_hell_entry_dis_grunt, pdpol_wu_jian_five_deadly_venoms,
          uniq_asterion
Depths:2: hangedman_screamer, layout_basic, hell_entry, minmay_misc_feat_rugged,
          rand_demon_pan_entry_5, abyss_entry_flame_altar,
          kennysheep_generic_room_3, infiniplex_staircase_zigzag_1
Depths:3: grunt_crosshair, layout_basic, lemuel_statue_altar, hell_entry,
          abyss_entry_small_statue_room, gammafunk_ghost_wrathful_warriors
Depths:4: lemuel_castle_with_subvaults [lemuel_castle_interior_carwin_3],
          layout_gridville, lemuel_crystal_altar, ebering_ghost_inner_flame,
          abyss_entry_glasseish, hell_entry, grunt_megastairs_5

Skill      XL: |  1  2  3  4  5  6  7  8  9 10 11 12 13 14 15 16 17 18 19 20 21 22 23 24 |
---------------+-------------------------------------------------------------------------+-----
Transmutations | 1 3 6 |  6.0
Fighting       | 1 2 3 4 5 6 7 8 11 12 13 14 15 16 17 18 19 20 21 | 21.1
Earth Magic    | 3 4 5 7 8 9 10 11 12 13 14 16 17 18 20 | 20.0
Spellcasting   | 3 4 6 8 9 10 11 12 13 14 15 16 17 18 | 18.1
Armour         | 4 6 7 9 10 12 13 15 | 15.0
Conjurations   | 3 6 7 8 9 10 11 12 13 14 | 14.5
Shields        | 4 7 8 9 10 12 13 15 16 17 18 | 18.0
Dodging        | |  1.7
Stealth        | |  1.7

Action                   |  1- 3 |  4- 6 |  7- 9 | 10-12 | 13-15 | 16-18 | 19-21 | 22-24 || total
-------------------------+-------+-------+-------+-------+-------+-------+-------+-------++-------
Melee: Unarmed           |    64 |       |       |       |       |       |       |       ||    64
       Punch             |     2 |       |     1 |     5 |       |       |       |       ||     8
       Club              |    69 |       |       |       |       |       |       |       ||    69
       Dagger            |    67 |   190 |   107 |       |       |       |       |       ||   364
       Touch             |       |    39 |    20 |    59 |     4 |       |       |       ||   122
       Short sword       |       |       |       |   250 |    92 |    33 |       |       ||   375
       Flail             |       |       |       |     9 |       |       |       |       ||     9
       Staff             |       |       |       |       |   124 |    45 |    11 |   137 ||   317
       Spear             |       |       |       |       |    15 |    57 |   150 |    43 ||   265
       Shillelagh        |       |       |       |       |       |       |   191 |    84 ||   275
 Cast: Sandblast         |    25 |    24 |    36 |     6 |    25 |    15 |    13 |     4 ||   148
       Stone Arrow       |       |    22 |   109 |   194 |   244 |     9 |     5 |     3 ||   586
       Static Discharge  |       |       |       |    68 |    14 |       |       |       ||    82
       Lee's Rapid Decon |       |       |       |    29 |   112 |     6 |    20 |    50 ||   217
       Swiftness         |       |       |       |     2 |     5 |     6 |     5 |    10 ||    28
       Olgreb's Toxic Ra |       |       |       |     2 |    74 |    14 |       |       ||    90
       Irradiate         |       |       |       |       |    13 |    23 |    28 |    18 ||    82
       Iron Shot         |       |       |       |       |    74 |   503 |   442 |   429 ||  1448
       Freezing Cloud    |       |       |       |       |    36 |   100 |   150 |    18 ||   304
       Starburst         |       |       |       |       |       |     6 |     3 |     9 ||    18
       Passwall          |       |       |       |       |       |       |     5 |     2 ||     7
       Lehudib's Crystal |       |       |       |       |       |       |    31 |   180 ||   211
       Statue Form       |       |       |       |       |       |       |       |     9 ||     9
       Shatter           |       |       |       |       |       |       |       |    23 ||    23
 Abil: End Transformatio |       |       |       |       |       |       |       |     4 ||     4
Evoke: Wand              |       |       |     7 |     3 |     2 |     1 |       |     1 ||    14
       Condenser vane    |       |       |       |       |       |       |       |     1 ||     1
       Phantom mirror    |       |       |       |       |       |       |       |     1 ||     1
  Use: Scroll            |     5 |     2 |     6 |    11 |    10 |     3 |    12 |     7 ||    56
       Potion            |       |     1 |       |     2 |       |       |     6 |     8 ||    17
 Stab: Sleeping          |     5 |     3 |     1 |     1 |       |       |     1 |       ||    11
       Distracted        |       |     1 |       |       |       |       |       |       ||     1
       Paralysed         |       |       |       |     6 |     7 |       |       |       ||    13
       Petrified         |       |       |       |     2 |       |       |       |       ||     2
Armor: Robe              |    63 |    53 |    43 |    40 |       |       |    30 |   128 ||   357
       Leather armour    |       |       |       |   166 |   203 |   111 |    78 |    48 ||   606
       Fire dragon scale |       |       |       |       |       |       |       |     1 ||     1
       Skin              |       |       |       |       |       |       |       |    57 ||    57
Dodge: Dodged            |   159 |   109 |    56 |   188 |   175 |   105 |   103 |   132 ||  1027
Block: Other             |    31 |    46 |    46 |   251 |    16 |       |       |       ||   390
       Reflection        |       |       |       |    14 |    28 |    58 |   116 |    14 ||   230
       Buckler           |       |       |       |       |   456 |   415 |       |       ||   871
       Kite shield       |       |       |       |       |       |     8 |   836 |   705 ||  1549
